 Dungeon Crawl Stone Soup version 0.26.1-11-gd32895ea62 (webtiles) character file.

Game seed: 13184949146463664660

275 nothank2 the Slasher (level 6, -12/49 HPs)
             Began as a Formicid Fighter on July 13, 2021.
             Mangled by Pikel
             ... wielding a +2 whip of electrocution
              (18 damage)
             ... on level 3 of the Dungeon.
             The game lasted 00:10:34 (3489 turns).

nothank2 the Slasher (Formicid Fighter)             Turns: 3489, Time: 00:10:34

Health: -12/49     AC:  6    Str: 23    XL:     6   Next: 50%
Magic:  6/6        EV: 12    Int:  7    God:
Gold:   156        SH:  9    Dex: 10    Spells: 5/5 levels left

rFire    . . .     SeeInvis +   a - +0 long sword
rCold    . . .     Faith    .   c - +0 kite shield
rNeg     . . .     Spirit   .   b - +0 scale mail
rPois    .         Reflect  .   (helmet unavailable)
rElec    .         Harm     .   (no cloak)
rCorr    .         Rampage  .   (no gloves)
Will     .....                  (no boots)
Stlth    ..........             (no amulet)
HPRegen  0.16/turn              f - +4 ring of evasion
MPRegen  0.10/turn              i - ring of wizardry

@: no status effects
A: permanent stasis, dig shafts and tunnels, four strong arms, antennae 3
a: Dig, Shaft Self


You were on level 3 of the Dungeon.
You visited 1 branch of the dungeon, and saw 4 of its levels.

You collected 156 gold pieces.

Inventory:

Hand Weapons
 a - a +0 long sword (weapon)
Missiles
 p - 6 poisoned darts
Armour
 b - a +0 scale mail (worn)
 c - a +0 kite shield (worn)
Jewellery
 f - a +4 ring of evasion (left hand)
 i - a ring of wizardry (right hand)
 j - a +4 ring of evasion
 o - an uncursed ring of protection from fire {unknown}
Scrolls
 h - 6 scrolls of teleportation {unknown}
 k - a scroll of fear {unknown}
 l - a scroll of amnesia {unknown}
 m - a scroll of fog {unknown}
 n - a scroll of remove curse {unknown}
 q - a scroll of blinking {unknown}
 r - 2 scrolls of identify {unknown}
 u - 2 scrolls of noise {unknown}
Potions
 d - a potion of might
 e - 3 potions of curing
 g - 3 potions of lignification {unknown}
 s - a potion of attraction {unknown}
 t - a potion of ambrosia {unknown}
 v - a potion of degeneration {unknown}


   Skills:
 - Level 4.6 Fighting
 * Level 5.6 Long Blades
 - Level 3.2 Armour
 - Level 3.6 Shields


You had 5 spell levels left.
You didn't know any spells.
Your spell library was empty.

Dungeon Overview and Level Annotations

Branches:
Dungeon (4/15)
 Temple: D:4-7

Altars:

Annotations:
D:3 Pikel


Innate Abilities, Weirdness & Mutations

You cannot be hasted, slowed, berserked, paralysed or teleported.
You can dig through walls and to a lower floor.
Your four strong arms can wield two-handed weapons with a shield.
You have a pair of large antennae on your head. (SInv)


Message History

Pikel hits you with a +2 whip of electrocution.
You miss Pikel.
Pikel is severely wounded.
Pikel hits you with a +2 whip of electrocution.
You hit Pikel.
Pikel is severely wounded.
Pikel hits you but does no damage.
You barely miss Pikel.
Pikel is severely wounded.
Pikel hits you with a +2 whip of electrocution.
* * * LOW HITPOINT WARNING * * *
You are electrocuted!
* * * LOW HITPOINT WARNING * * *
You block Pikel's attack.
You are too injured to fight recklessly!
Are you sure you want to shaft yourself?
Pikel hits you with a +2 whip of electrocution.
* * * LOW HITPOINT WARNING * * *
You are electrocuted!!
You die...

...#..#....##..........#.####.##
.....##................#<# #..#
.....##..................# #..#
...........#.....)......#####..#
.............####.#.....#......#
...............##.#.##.........#
...####........#...............##
....# #....##............####...#
....##########.K@........# ##..#
......##### ##..........# ##.#
....#.....## ##.........# #.#
.....####..# #...^.....######.#
.....#####.# #.........#.......
..)#.....#.## ###.##..###.#.....
..######....######..#.## #.######
### ##..............###.#.....
############...#####.....#.#(#.#.


You could see Pikel.

Vanquished Creatures
  A lemure (D:4)
  An orc wizard (D:4)
  An iguana (D:3)
  A worker ant (D:4)
  A worker ant zombie (D:2)
  8 adders
  4 worms
  2 dart slugs (D:1)
  4 leopard geckos
  5 orcs
  A bat skeleton (D:2)
  3 bat zombies (D:2)
  4 giant cockroaches (D:2)
  7 goblins
  12 hobgoblins
  3 jackals (D:1)
  12 kobolds
  3 quokkas
  6 bats
  8 frilled lizards
  A giant cockroach zombie (D:2)
  7 rats
95 creatures vanquished.

Vanquished Creatures (others)
  6 withered plants (D:2)
6 creatures vanquished.

Grand Total: 101 creatures vanquished

Notes
Turn   | Place    | Note
-------+----------+-------------------------------------------
     0 | D:1      | nothank2 the Formicid Fighter began the quest for the Orb.
     0 | D:1      | Reached XP level 1. HP: 18/18 MP: 1/1
   125 | D:1      | You fall into a shaft and drop 1 floor!
   220 | D:2      | Reached XP level 2. HP: 23/24 MP: 2/2
   425 | D:2      | Reached skill level 3 in Long Blades
   425 | D:2      | Reached XP level 3. HP: 19/30 MP: 3/3
   659 | D:2      | Reached XP level 4. HP: 37/37 MP: 4/4
  1310 | D:2      | Reached skill level 4 in Long Blades
  1544 | D:3      | Reached XP level 5. HP: 41/42 MP: 5/5
  2575 | D:1      | Reached XP level 6. HP: 49/49 MP: 6/6
  3035 | D:1      | Reached skill level 5 in Long Blades
  3447 | D:4      | Noticed Pikel
  3489 | D:3      | Mangled by Pikel

Illustrated notes

Levels and vault maps discovered:
D:1:      lightli_arrival_chessboard, layout_loops_corners
D:2:      layout_loops_corners, serial_undead, serial_undead_f, serial_undead_b,
          serial_undead_e, serial_undead_f, kennysheep_generic_room_14
D:3:      layout_rooms, minmay_misc_feat_ornament
D:4:      layout_loops_ring, uniq_pikel, uniq_eustachio

Skill      XL: |  1  2  3  4  5  6 |
---------------+-------------------+-----
Long Blades    | 3 4 5 |  5.6
Fighting       | 4 |  4.6
Armour         | |  3.2
Shields        | |  3.6

Action                   |  1- 3 |  4- 6 || total
-------------------------+-------+-------++-------
Melee: Long sword        |    84 |   253 ||   337
Throw: Dart              |       |     1 ||     1
 Abil: Shaft Self        |       |     1 ||     1
Armor: Scale mail        |    35 |    54 ||    89
Dodge: Dodged            |    37 |   114 ||   151
Block: Kite shield       |    68 |   124 ||   192
       Rpst.: Long sword |     6 |    40 ||    46
